Map: 16-Bit LE

Players

Elazer - Winner!

  • Race: Zerg Zerg
  • League: Grandmaster
  • Spawn Location: 1:00

HeRoMaRinE

  • Race: Terran Terran
  • League: Master
  • Spawn Location: 7:00

Event: HomeStory Cup XVII

VOD

Have the link to the VOD?

Description

Time

  • Played on: June 29, 2018, 11:15 a.m.
  • Length: 17:47

All games in this series

Show
View Real Time Build Order
Export as new Build Order

Elazer Zerg - Winner!

Build Orders: Hatch First 

Get SALT Encoding   

  12  0:00  Drone  
  13  0:13  Overlord  
  13  0:17  Drone  
  14  0:32  Drone x2  
  16  0:49  Hatchery  
  15  0:53  Drone  
  15  0:56  Drone  
  17  1:00  Drone  
  18  1:10  Extractor  
  17  1:15  Spawning Pool  
  16  1:19  Drone  
  16  1:22  Drone  
  18  1:30  Drone  
  20  1:40  Drone  
  20  1:50  Drone  
  21  2:01  Queen  
  21  2:02  Zergling x4, Queen  
  27  2:19  Hatchery  
  26  2:23  Overlord  
  26  2:26  Drone  
  26  2:29  Drone  
  28  2:34  Metabolic Boost  
  28  2:43  Drone x3  
  31  2:48  Queen  
  33  2:53  Overlord  
  33  2:57  Drone  
  34  2:59  Drone  
  34  3:01  Drone  
  37  3:12  Drone  
  37  3:13  Drone x3  
  37  3:14  Drone  
  37  3:17  Drone  
  37  3:19  Overlord  
  42  3:25  Queen  
  44  3:30  Queen  
  46  3:34  Drone x2  
  46  3:36  Drone  
  49  3:42  Drone x2  
  49  3:46  Overlord  
  49  3:47  Drone x2  
  53  3:50  Overlord  
  53  3:51  Drone  
  53  3:52  Drone  
  53  3:55  Drone  
  56  3:57  Drone x2  
  56  4:02  Overlord  
  58  4:10  Drone x2  
  58  4:14  Queen  
  58  4:16  Extractor  
  58  4:17  Zergling x6  
  63  4:20  Spore Crawler, Drone x3  
  63  4:21  Spore Crawler  
  65  4:27  Overlord  
  65  4:28  Drone  
  65  4:29  Evolution Chamber  
  65  4:30  Drone  
  65  4:31  Evolution Chamber  
  65  4:33  Drone  
  65  4:36  Overlord  
  66  4:38  Drone  
  66  4:42  Zergling x4  
  66  4:45  Overlord  
  68  4:46  Zergling x6  
  68  4:54  Zergling x4  
  68  4:55  Zerg Ground Armor Level 1  
  70  5:00  Overlord  
  70  5:03  Zerg Melee Weapons Level 1  
  70  5:05  Drone x6  
  76  5:09  Extractor  
  75  5:16  Overlord  
  75  5:17  Drone x2  
  75  5:20  Extractor, Lair  
  75  5:21  Extractor, Drone  
  76  5:22  Drone  
  76  5:28  Overlord  
  77  5:30  Drone x4  
  81  5:36  Hatchery  
  81  5:37  Drone x6  
  86  5:46  Baneling Nest, Drone  
  86  5:48  Overlord  
  86  5:49  Drone  
  86  5:53  Drone  
  87  5:57  Drone  
  87  6:01  Drone x3  
  87  6:02  Overlord  
  84  6:07  Spore Crawler, Drone x6  
  84  6:08  Overlord  
  84  6:13  Overlord  
  84  6:17  Overseer  
  84  6:19  Drone  
  84  6:24  Overlord  
  84  6:27  Overlord  
  84  6:31  Zergling x8  
  86  6:34  Zergling x4  
  86  6:38  Overlord  
  86  6:39  Drone x3  
  87  6:40  Drone, Roach Warren  
  87  6:44  Infestation Pit  
  87  6:45  Extractor, Drone  
  84  6:51  Zerg Missile Weapons Level 1  
  84  6:53  Baneling  
  84  6:54  Baneling x4  
  84  6:59  Overlord  
  84  7:02  Zergling x4  
  84  7:03  Zergling x6  
  83  7:18  Drone x10  
  93  7:22  Hive  
  93  7:27  Drone  
  93  7:28  Drone x4, Glial Reconstitution  
  93  7:29  Zerg Ground Armor Level 2, Extractor  
  97  7:30  Extractor  
  97  7:34  Roach x3  
  102  7:37  Overlord  
  102  7:38  Roach x2  
  102  7:43  Roach x2  
  110  7:45  Roach  
  110  7:49  Overlord  
  110  7:50  Roach  
  114  7:52  Overlord  
  114  7:53  Hatchery  
  115  7:58  Roach  
  115  8:02  Roach  
  115  8:03  Roach x4  
  125  8:06  Roach x5  
  133  8:18  Roach x7  
  137  8:29  Roach x4  
  137  8:31  Queen  
  137  8:34  Burrow  
  138  8:36  Roach x2  
  136  8:44  Roach x10  
  136  8:46  Roach  
  158  8:51  Zerg Missile Weapons Level 2  
  158  8:54  Viper x3  
  167  8:58  Pneumatized Carapace  
  167  9:03  Viper  
  167  9:08  Hydralisk Den  
  169  9:10  Drone x9  
  178  9:26  Overlord x3  
  178  9:29  Extractor  
  177  9:33  Extractor  
  177  9:35  Spine Crawler  
  177  9:38  Muscular Augments  
  175  9:42  Tunneling Claws  
  175  9:44  Hydralisk  
  175  9:45  Hydralisk x10  
  187  10:07  Roach x4  
  187  10:10  Hydralisk  
  187  10:11  Hydralisk x2  
  187  10:13  Overlord  
  187  10:14  Overlord  
  181  10:21  Hatchery  
  180  10:23  Overlord x2  
  180  10:24  Overlord  
  174  10:29  Overlord  
  174  10:37  Roach x7  
  183  10:45  Hydralisk x2  
  177  10:51  Hydralisk x7  
  177  10:54  Grooved Spines  
  189  10:57  Roach x3  
  195  11:10  Roach x8  
  195  11:15  Unknown  
  195  11:18  Hydralisk x12  
  168  11:23  Roach x2  
  190  11:29  Roach  
  188  11:33  Hydralisk x4  
  186  11:40  Roach x3  
  186  11:41  Roach x4  
  186  11:42  Roach  
  186  11:46  Roach  
  162  11:49  Roach x2  
  162  11:50  Roach x6  
  162  11:53  Zerg Missile Weapons Level 3  
  164  11:54  Roach x3  
  164  11:58  Hydralisk x2  
  172  12:01  Viper  
  173  12:12  Viper x2  
  173  12:13  Roach  
  173  12:15  Roach x3  
  175  12:17  Roach x9  
  191  12:23  Roach x4  
  191  12:26  Roach  
  191  12:28  Roach x3  
  181  12:35  Roach  
  181  12:36  Roach x4  
  191  12:41  Zerg Ground Armor Level 3  
  191  12:49  Hydralisk x5  
  191  13:03  Viper x2  
  191  13:05  Hydralisk x6  
  187  13:25  Hydralisk x6  
  199  13:30  Spore Crawler  
  198  13:40  Spore Crawler, Hatchery  
  196  13:45  Hydralisk x2  
  200  13:51  Hatchery  
  197  13:59  Roach x11  
  172  14:07  Hydralisk  
  172  14:08  Hydralisk x9  
  160  14:10  Roach  
  160  14:12  Roach x8  
  163  14:26  Hydralisk  
  163  14:27  Hydralisk x7  
  169  14:33  Roach  
  169  14:34  Roach x3  
  175  14:41  Drone x2  
  175  14:42  Roach  
  179  14:47  Roach  
  181  14:53  Roach x4  
  181  14:58  Unknown  
  180  15:03  Roach  
  180  15:04  Roach x4  
  180  15:05  Roach x2  
  159  15:10  Hydralisk x7  
  159  15:20  Roach x4  
  163  15:28  Hydralisk x4  
  151  15:30  Roach  
  151  15:31  Hydralisk  
  151  15:32  Hydralisk  
  145  15:37  Hydralisk x3  
  139  15:43  Hydralisk x2  
  139  15:46  Viper x3  
  152  15:51  Roach  
  152  15:54  Roach  
  156  15:58  Roach x3  
  156  16:02  Roach  
  158  16:07  Roach x5  
  156  16:14  Hydralisk x9, Roach  
  162  16:23  Roach x4  
  166  16:28  Hydralisk x3  
  172  16:33  Hydralisk x2, Roach  
  172  16:38  Roach x8  
  176  16:40  Hydralisk  
  176  16:41  Hydralisk x4  
  186  16:47  Hydralisk x2  
  188  16:55  Roach x4  
  194  17:05  Roach x4  
  196  17:13  Hatchery  
  196  17:14  Hydralisk x2  
  196  17:15  Hydralisk  
  191  17:18  Ravager x6  
Show
View Real Time Build Order
Export as new Build Order

HeRoMaRinE Terran 

Build Orders: Command Center First (CC), Hellion Banshee, Mech 

Get SALT Encoding   

  12  0:00  SCV  
  13  0:12  SCV  
  14  0:18  Supply Depot  
  14  0:24  SCV  
  15  0:39  SCV  
  16  0:51  SCV  
  17  1:01  Command Center  
  17  1:04  SCV  
  18  1:15  Barracks  
  18  1:18  SCV  
  19  1:24  Refinery  
  19  1:30  SCV  
  20  1:32  Refinery  
  20  1:42  SCV  
  21  2:01  Orbital Command, Marine  
  22  2:14  Orbital Command  
  22  2:15  Factory  
  22  2:22  Barracks Reactor  
  22  2:27  SCV  
  23  2:30  Supply Depot  
  23  2:39  SCV  
  23  2:40  SCV  
  25  2:51  SCV  
  25  2:52  SCV  
  27  2:59  Starport  
  27  3:03  SCV  
  27  3:04  SCV  
  29  3:06  Hellion x2  
  29  3:07  Barracks Tech Lab  
  33  3:14  Supply Depot  
  33  3:15  SCV  
  33  3:16  SCV  
  35  3:28  SCV x2  
  35  3:31  Cyclone x2  
  43  3:40  SCV x2  
  43  3:41  Supply Depot  
  45  3:42  Medivac  
  47  3:52  SCV  
  47  3:53  SCV  
  49  4:06  SCV x2, Command Center  
  49  4:09  Hellion x2  
  55  4:15  Cloaking Field  
  55  4:17  Banshee  
  55  4:19  SCV  
  55  4:20  SCV  
  55  4:23  Refinery x2  
  60  4:27  Supply Depot  
  60  4:29  Supply Depot  
  60  4:33  SCV x2  
  62  4:49  SCV x2  
  64  4:55  Armory x2  
  64  4:56  Hellion x2  
  68  5:01  SCV x2  
  70  5:13  SCV x2, Banshee  
  73  5:25  SCV x2  
  73  5:27  Factory  
  73  5:28  Factory, Hellion x2  
  79  5:29  Barracks Tech Lab  
  79  5:33  Refinery  
  79  5:34  Refinery  
  79  5:37  SCV x2  
  81  5:46  Orbital Command  
  81  5:49  SCV x2  
  83  5:52  Supply Depot  
  83  5:53  Supply Depot  
  81  5:59  Barracks Reactor  
  81  6:01  SCV x2  
  77  6:05  Hellion x2  
  81  6:13  SCV  
  81  6:14  SCV  
  83  6:22  Supply Depot x2  
  83  6:24  Terran Vehicle And Ship Armor Level 1, Terran Vehicle Weapons Level 1  
  83  6:25  SCV  
  84  6:26  SCV x2  
  84  6:31  Thor  
  92  6:37  SCV  
  92  6:38  Thor, SCV x2  
  95  6:47  Supply Depot  
  95  6:49  SCV, Hellion x2  
  95  6:50  SCV x2  
  102  7:01  SCV, Medivac x2  
  104  7:02  SCV x2  
  106  7:13  SCV, Factory  
  106  7:14  SCV x2, Hellion x3  
  106  7:15  Factory  
  98  7:18  Siege Tank  
  98  7:20  Hellion  
  98  7:21  Siege Tank  
  104  7:29  Supply Depot  
  102  7:31  Command Center  
  102  7:33  Supply Depot  
  102  7:38  Infernal Pre-Igniter, Medivac x2  
  106  7:50  Siege Tank  
  109  7:52  Hellion x2  
  109  7:56  Supply Depot  
  109  7:57  Supply Depot  
  113  8:09  Factory Reactor, Factory Tech Lab  
  113  8:12  Siege Tank  
  116  8:13  Hellion  
  116  8:14  Supply Depot, Hellion  
  116  8:15  Engineering Bay  
  116  8:19  Viking x2  
  124  8:22  Siege Tank  
  127  8:32  Siege Tank  
  126  8:35  Hellion x2  
  130  8:44  Siege Tank  
  133  8:49  Viking x2  
  133  8:51  Hellion x2  
  133  8:55  Hellion  
  141  8:56  Hellion  
  141  8:59  Hellion  
  145  9:02  Refinery  
  145  9:04  Siege Tank, SCV x2  
  145  9:05  Refinery  
  150  9:12  SCV, Hellion  
  150  9:13  Hellion  
  150  9:16  Siege Tank x2, SCV x2  
  163  9:18  Hellion  
  163  9:21  Planetary Fortress  
  165  9:24  SCV  
  165  9:28  SCV  
  165  9:29  Missile Turret  
  165  9:30  Missile Turret x2  
  165  9:31  Terran Vehicle Weapons Level 2, Missile Turret x2, Terran Vehicle And Ship Armor Level 2  
  167  9:35  Supply Depot x2, Hellion x3  
  167  9:37  Hellion  
  174  9:45  Supply Depot  
  174  9:47  Sensor Tower  
  174  9:49  Viking x2  
  178  9:54  Siege Tank  
  178  9:59  Hellion x3  
  173  10:03  Siege Tank  
  172  10:07  Hellion  
  172  10:10  Siege Tank, SCV  
  172  10:11  SCV  
  172  10:13  SCV  
  175  10:19  Viking  
  175  10:20  Viking  
  179  10:26  Siege Tank  
  182  10:34  SCV x2  
  182  10:35  Siege Tank, Missile Turret, SCV x2  
  184  10:45  Siege Tank  
  184  10:46  SCV  
  184  10:48  SCV x2, Hellion x2  
  187  10:53  Viking  
  181  10:59  Siege Tank  
  181  11:03  Hellion  
  184  11:07  Siege Tank  
  184  11:10  Liberator x2  
  181  11:15  Hellion  
  181  11:17  Siege Tank  
  160  11:26  Hellion x3  
  160  11:31  Siege Tank  
  172  11:36  Hellion  
  172  11:39  Siege Tank  
  143  11:47  SCV x3, Hellion  
  143  11:48  SCV, Hellion x2  
  143  11:49  Siege Tank  
  144  11:57  Hellion  
  144  11:59  SCV x2  
  144  12:00  SCV  
  144  12:01  SCV  
  146  12:03  Siege Tank  
  143  12:11  Siege Tank, SCV x2  
  143  12:12  SCV, Terran Vehicle Weapons Level 3  
  143  12:13  SCV  
  144  12:15  Missile Turret  
  144  12:22  Siege Tank  
  147  12:28  Hellion  
  149  12:35  Siege Tank  
  149  12:36  SCV x3  
  153  12:37  SCV  
  153  12:44  Siege Tank  
  151  12:49  Missile Turret  
  147  12:52  SCV x2  
  147  12:53  SCV x2  
  147  12:54  Siege Tank  
  147  12:55  Hellion x2  
  155  13:03  Hellion  
  155  13:04  SCV x2, Hellion  
  154  13:07  Siege Tank, SCV  
  154  13:09  SCV  
  159  13:16  Siege Tank, SCV, Hellion  
  165  13:25  Viking x2  
  165  13:26  Siege Tank, Hellion x3  
  178  13:33  SCV  
  178  13:34  SCV, Hellion x3  
  180  13:36  Command Center  
  180  13:39  Siege Tank  
  183  13:48  Siege Tank, Missile Turret  
  186  13:53  Terran Vehicle And Ship Armor Level 3  
  186  13:55  Viking x2  
  190  14:02  Siege Tank  
  175  14:06  Hellion  
  175  14:07  Hellion  
  167  14:14  Siege Tank  
  170  14:22  Hellion  
  170  14:23  Siege Tank  
  163  14:24  Hellion  
  163  14:25  Viking x2  
  163  14:28  Hellion  
  168  14:31  Hellion  
  168  14:34  Siege Tank  
  173  14:40  Supply Depot  
  173  14:43  Hellion  
  175  14:46  Siege Tank, Hellion  
  175  14:49  Hellion  
  182  14:53  Hellion  
  182  14:54  SCV  
  182  14:55  Siege Tank, SCV, Viking x2  
  182  14:56  SCV  
  188  15:05  Hellion  
  188  15:06  Siege Tank  
  158  15:07  Hellion  
  158  15:11  Hellion  
  144  15:18  Siege Tank  
  141  15:24  Hellion  
  141  15:28  Siege Tank  
  132  15:29  Hellion x2  
  132  15:32  Hellion  
  126  15:38  Siege Tank  
  126  15:42  Planetary Fortress  
  126  15:45  Hellion  
  128  15:50  Siege Tank, Hellion  
  128  15:51  Hellion  
  128  15:52  SCV x2  
  128  15:53  SCV  
  128  15:54  SCV  
  128  15:55  Viking x2  
  143  15:58  Refinery  
  143  16:00  Refinery  
  143  16:02  Siege Tank  
  145  16:04  SCV x2  
  145  16:05  Missile Turret, SCV  
  145  16:10  Siege Tank  
  139  16:12  Hellion x2  
  139  16:16  Hellion x2  
  140  16:22  Siege Tank  
  135  16:32  Viking x2  
  142  16:33  Hellion x2  
  142  16:34  Siege Tank  
  142  16:37  Hellion x2  
  150  16:42  Siege Tank  
  150  16:43  Command Center  
  150  16:44  Sensor Tower  
  150  16:45  Missile Turret  
  153  16:55  Hellion x3  
  153  16:58  Hellion  
  153  16:59  Hellion  
  157  17:02  Viking  
  157  17:07  Siege Tank  
  160  17:14  Siege Tank, Viking  
  165  17:16  Hellion x2  
  165  17:22  Missile Turret  
Tags
 
Add a new tag
Caveats
  • Supply blocks, unpowered buildings, or Contaminate may cause inaccurate times.
  • Supply counts are checked every 10 seconds.